 Dungeon Crawl Stone Soup version 0.28.0-53-g5a82cb258f (webtiles) character file.

Game seed: 10565212044288601115

13440 Sin92 the Basher (level 11, -2/87 HPs)
             Began as a Demonspawn Fighter on June 25, 2022.
             Was a High Priest of Okawaru.
             Slain by a meliai simulacrum (8 damage)
             ... in a Gauntlet.
             The game lasted 00:35:28 (13406 turns).

Sin92 the Basher (Demonspawn Fighter)              Turns: 13406, Time: 00:35:28

Health: -2/87      AC: 15    Str: 25    XL:     11   Next: 75%
Magic:  13/13      EV: 10    Int: 10    God:    Okawaru [*****.]
Gold:   453        SH:  7    Dex: 14    Spells: 10/10 levels left

rFire   . . .      SeeInvis .   n - +8 flail of the Boar {vorpal, Fly rElec rPois}
rCold   + . .      Faith    .   c - +1 buckler
rNeg    . . .      Spirit   .   k - +1 chain mail
rPois   +          Reflect  .   (helmet restricted)
rElec   +          Harm     .   (no cloak)
rCorr   .          Rampage  .   (no gloves)
Will    .....      NoTele   +   h - +0 pair of boots {Stlth+}
Stlth   ..........              (no amulet)
HPRegen 0.24/turn               i - +6 ring of strength
MPRegen 0.13/turn               d - ring of protection from cold

@: silenced (expiring), flying
A: horns 2, foul stench 2, powered by pain 1, sharp scales 2
a: Renounce Religion


You were in a Gauntlet.
You worshipped Okawaru.
Okawaru was extremely pleased with you.
You visited 2 branches of the dungeon, and saw 12 of its levels.
You also visited: Ossuary and Gauntlet.

You collected 453 gold pieces.

Inventory:

Hand Weapons
 n - the +8 flail of the Boar (weapon) {vorpal, Fly rElec rPois}
   (You found it on level 7 of the Dungeon)

   It inflicts extra damage upon your enemies.
   rElec:     It insulates you from electricity.
   rPois:     It protects you from poison.
   Fly:       It grants you flight.
 v - the +8 lance "Wyrmbane" {slay drac, rPois rF+ rC+ AC+3}
   (You found it on level 9 of the Dungeon)

   It inflicts extra damage against dragons and draconians.
   AC:        It affects your AC (+3).
   rF:        It protects you from fire.
   rC:        It protects you from cold.
   rPois:     It protects you from poison.
Missiles
 a - 2 throwing nets (quivered)
Armour
 c - a +1 buckler (worn)
 h - a +0 pair of boots of stealth (worn)
 k - a +1 chain mail (worn)
Jewellery
 d - a ring of protection from cold (right hand)
 i - a +6 ring of strength (left hand)
 r - a ring of flight
Wands
 o - a wand of acid (37)
 s - a wand of paralysis (9)
 w - a wand of mindburst (4)
Scrolls
 b - a scroll of fear
 q - 2 scrolls of blinking
 x - a scroll of teleportation
 y - a scroll of amnesia
 D - a scroll of enchant armour
Potions
 f - 4 potions of attraction
 g - 2 potions of brilliance
 j - 3 potions of lignification
 l - 3 potions of mutation
 m - 5 potions of curing
 p - a potion of resistance {unknown}
 t - 2 potions of invisibility {unknown}
 u - 4 potions of flight {unknown}
 C - a potion of magic {unknown}


   Skills:
 + Level 8.3 Fighting
 * Level 10.4 Maces & Flails
 + Level 2.2 Polearms
 + Level 7.7 Armour
 + Level 4.6 Dodging
 - Level 4.3 Stealth
 + Level 7.6 Shields
 + Level 3.1 Invocations


You had 10 spell levels left.
You didn't know any spells.
Your spell library contained the following spells:

 Spells                   Type           Power      Damage    Failure   Level
 Magic Dart               Conj           0%         1d3       95%         1
 Blink                    Tloc           0%         N/A       99%         2
 Gell's Gravitas          Tloc           0%         N/A       100%        3
 Lesser Beckoning         Tloc           0%         N/A       100%        3
 Mephitic Cloud           Conj/Pois/Air  0%         N/A       100%        3
 Teleport Other           Tloc           0%         N/A       100%        3
 Manifold Assault         Tloc           0%         N/A       100%        5
 Call Imp                 Summ           Unusable   N/A       N/A         2

Dungeon Overview and Level Annotations

Branches:
Dungeon (11/15)            Temple (1/1) D:6            Lair (0/6) D:8
    Orc (0/2) D:11        Ossuary (visited)         Gauntlet (1/1)

Altars:
Fedhas
Okawaru
Wu Jian
Xom
Yredelemnul
Zin
Beogh

Shops:
D:7 ?*::   D:8 :

Annotations:
D:8 3 runed translucent doors, Sin92's ghost, novice MiFi
D:9 1 runed translucent door Gauntlet 9 transporters, exclusion: orange crystal statue


Innate Abilities, Weirdness & Mutations

You have a pair of horns on your head.
You sometimes emit foul miasma when damaged in melee.
You sometimes gain a little power by taking damage.
You are mostly covered in razor-sharp scales. (AC +2, Slay +2)


Message History

You enter the transporter and appear at another place.
You block the meliai simulacrum's attack. x2
The crimson imp blinks!
The meliai simulacrum hits you but does no damage.
The meliai simulacrum hits you. The meliai simulacrum freezes you. You resist.
Okay, then.
You barely miss the meliai simulacrum. You headbutt the meliai simulacrum!
The meliai simulacrum is heavily damaged.
The meliai simulacrum misses you.
The meliai simulacrum hits you but does no damage.
The meliai simulacrum hits you. The meliai simulacrum freezes you. You resist.
You emit a cloud of foul miasma!
The meliai simulacrum hits you. The meliai simulacrum freezes you! You resist.
The meliai simulacrum hits you but does no damage.
The meliai simulacrum hits you. The meliai simulacrum freezes you. You resist.
You hit the red devil but do no damage. The smoke demon gestures at you.
Something smites you!
* * * LOW HITPOINT WARNING * * *
The red devil hits you but does no damage.
You block the meliai simulacrum's attack.
The meliai simulacrum hits you.
* * * LOW HITPOINT WARNING * * *
The meliai simulacrum freezes you! You resist.
* * * LOW HITPOINT WARNING * * *
Unknown command.
You feel much better.
The meliai simulacrum hits you but does no damage.
The meliai simulacrum hits you! The meliai simulacrum freezes you! You resist.
* * * LOW HITPOINT WARNING * * *
You block the red devil's attack. The meliai simulacrum hits you.
* * * LOW HITPOINT WARNING * * *
The meliai simulacrum freezes you. You resist.
* * * LOW HITPOINT WARNING * * *
The meliai simulacrum closely misses you.
Magic scrolls do not work when you're silenced!
The meliai simulacrum hits you.
* * * LOW HITPOINT WARNING * * *
The meliai simulacrum freezes you! You resist.
You die...

########...###########..###
#.©.#...§≈....#.©.#.....#8#
#...#...≈8§...#...#.8...###
#.©.#....≈....#.©.#.....#
########...###########..###
.?©.[yy#...#43..©=[..#..#8#
.#.#...#...#5##...##.#..###
..#....#...#5#.###.#.#..#
..#..#.#...#..##@##..#..###
######.#...#...☼Z.43.#..#8#
..#©.#.#...#..##.##5.#..###
..#....#...#.#.###.#.#..#
.###...#...#.##.5.##5#..###
.......#...#.........#..#8#
########...###########..###
#.©.#....≈....#.©.#.....#
#...#...≈8≈...#...#.8...###


You could see a smoke demon, a red devil, 2 crimson imps and a meliai
simulacrum.

Vanquished Creatures
  Josephine (D:10)
  Harold (D:8)
  A centaur warrior (D:9)
  3 two-headed ogres
  A tengu warrior (D:10)
  A manticore (D:10)
  A cyclops (D:10)
  A tengu conjurer (D:10)
  3 trolls
  Grinder (D:6)
  A slime creature (D:9)
  4 wraiths (D:10)
  11 yaks
  3 wyverns
  A steam dragon (D:7)
  A basilisk (D:8)
  4 water moccasins
  2 black bears
  An orc warrior (D:9)
  2 necrophages
  An ice beast (D:8)
  3 ogres
  8 centaurs
  3 kobold brigands
  2 bullfrogs
  A wyvern zombie (D:8)
  5 scorpions
  A water moccasin zombie (D:5)
  3 killer bees (D:8)
  5 centaur zombies
  2 jellies (D:6)
  A gnoll shaman (D:8)
  5 hounds
  2 centaur skeletons (D:7)
  A bullfrog skeleton (D:4)
  6 orc priests
  Ijyb (D:5)
  4 iguanas
  7 orc wizards
  A scorpion zombie (D:5)
  A killer bee zombie (D:6)
  A mummy (Ossuary)
  A hound skeleton (D:5)
  2 howler monkey zombies (D:9)
  11 adders
  8 gnolls
  A howler monkey skeleton (D:4)
  A shadow imp (D:7)
  2 ufetubi (D:6)
  An adder skeleton (D:5)
  A worm (D:2)
  3 dart slugs
  26 orcs
  A spectral bat (Ossuary)
  15 endoplasms
  A giant cockroach (D:4)
  12 gnoll zombies (Ossuary)
  9 goblins
  11 hobgoblins
  7 jackals
  2 quokkas
  12 ball pythons
  5 bats
  4 bat simulacra (Ossuary)
  6 frilled lizards
  3 goblin zombies (Ossuary)
  6 hobgoblin zombies
  15 kobolds
  5 kobold simulacra (Ossuary)
  A kobold skeleton (D:9)
  6 kobold zombies (Ossuary)
  9 orc zombies
  12 rats
  4 rat simulacra (Ossuary)
  2 spectral goblins (Ossuary)
  4 spectral kobolds (Ossuary)
  4 spectral rats (Ossuary)
321 creatures vanquished.

Vanquished Creatures (others)
  A kobold (D:7)
  A bush (D:8)
  4 fungi (D:8)
  28 plants (D:8)
34 creatures vanquished.

Grand Total: 355 creatures vanquished

Notes
Turn   | Place    | Note
-------+----------+-------------------------------------------
     0 | D:1      | Sin92 the Demonspawn Fighter began the quest for the Orb.
     0 | D:1      | Reached XP level 1. HP: 18/18 MP: 1/1
   203 | D:1      | You fall into a shaft and drop 1 floor!
   219 | D:2      | Reached skill level 2 in Maces & Flails
   219 | D:2      | Gained mutation: You have a pair of small horns on your
                  | head. [demonic ancestry]
   219 | D:2      | Reached XP level 2. HP: 24/24 MP: 2/2
   621 | D:1      | Found a faded altar of an unknown god.
   664 | D:1      | Gained mutation: You may rarely emit foul miasma when
                  | damaged in melee. [demonic ancestry]
   664 | D:1      | Reached XP level 3. HP: 29/29 MP: 3/3
  1603 | D:2      | Gained mutation: You sometimes emit foul miasma when
                  | damaged in melee. [demonic ancestry]
  1603 | D:2      | Reached XP level 4. HP: 35/35 MP: 4/4
  1729 | D:2      | Reached skill level 3 in Maces & Flails
  2136 | D:2      | Reached XP level 5. HP: 30/42 MP: 5/5
  2662 | D:3      | Identified the +0 robe of the Lair of Beasts {rPois rCorr
                  | Str-4 Int+8}
  2987 | D:3      | Gained mutation: You sometimes gain a little power by
                  | taking damage. [demonic ancestry]
  2987 | D:3      | Reached XP level 6. HP: 37/48 MP: 6/6
  3547 | D:4      | Reached skill level 4 in Maces & Flails
  4031 | D:4      | Reached XP level 7. HP: 55/55 MP: 7/7
  4066 | D:4      | Reached skill level 5 in Maces & Flails
  4876 | D:5      | Entered Level 5 of the Dungeon
  5061 | D:5      | Noticed Ijyb
  5067 | D:5      | Killed Ijyb
  5127 | D:5      | Reached skill level 5 in Fighting
  5127 | D:5      | Gained mutation: You are partially covered in razor-sharp
                  | scales. (AC +1, Slay +1) [demonic ancestry]
  5127 | D:5      | Reached XP level 8. HP: 58/62 MP: 8/8
  5396 | D:5      | Reached skill level 6 in Maces & Flails
  5692 | D:5      | Reached skill level 5 in Armour
  5692 | D:5      | Reached skill level 5 in Shields
  6712 | D:6      | Noticed Grinder
  6712 | D:6      | Noticed a two-headed ogre
  6720 | D:6      | Killed a two-headed ogre
  6721 | D:6      | Reached skill level 7 in Maces & Flails
  6721 | D:6      | Reached XP level 9. HP: 37/69 MP: 9/9
  6730 | D:6      | Killed Grinder
  6744 | D:6      | Found a staircase to the Ecumenical Temple.
  6764 | Temple   | Entered the Ecumenical Temple
  6963 | Temple   | Became a worshipper of Warmaster Okawaru
  7717 | D:7      | Reached skill level 1 in Dodging
  7717 | D:7      | Reached skill level 1 in Stealth
  7759 | D:7      | Reached skill level 8 in Maces & Flails
  7766 | D:7      | Found Zoyrghuoh's Book Boutique.
  7769 | D:7      | Found Veklyun's Book Boutique.
  7769 | D:7      | Found Wiklamiutt's Magic Scroll Boutique.
  7780 | D:7      | Found Putrikh's General Store.
  7861 | D:7      | Identified the +8 flail of the Boar {vorpal, Fly rElec
                  | rPois}
  8187 | D:7      | Reached * piety under Okawaru
  8389 | D:8      | Noticed Harold
  8395 | D:8      | Killed Harold
  8395 | D:8      | Reached ** piety under Okawaru
  8396 | D:8      | Gained mutation: You have a pair of horns on your head.
                  | [demonic ancestry]
  8396 | D:8      | Reached XP level 10. HP: 68/79 MP: 10/10
  8407 | D:8      | Found a runed translucent gate.
  8408 | D:8      | Noticed Sin92's ghost (novice MiFi)
  8421 | D:8      | Found a runed translucent gate.
  8427 | D:8      | Found a runed translucent gate.
  8598 | D:8      | Found a sand-covered staircase.
  8611 | Ossuary  | Entered an ossuary
  9326 | D:8      | Reached *** piety under Okawaru
  9637 | D:8      | Found Uradatem's Book Emporium.
  9703 | D:8      | Reached skill level 9 in Maces & Flails
  9865 | D:8      | Found a staircase to the Lair.
 10271 | D:9      | Found a runed translucent door.
 10275 | D:9      | Found a basalt altar of Yredelemnul.
 10517 | D:9      | Found the +8 lance "Wyrmbane" {slay drac, rPois rF+ rC+
                  | AC+3}
 10540 | D:9      | Noticed a two-headed ogre
 10552 | D:9      | Killed a two-headed ogre
 10552 | D:9      | Reached **** piety under Okawaru
 10559 | D:9      | Noticed a centaur warrior
 10566 | D:9      | Killed a centaur warrior
 10567 | D:9      | Gained mutation: You are mostly covered in razor-sharp
                  | scales. (AC +2, Slay +2) [demonic ancestry]
 10567 | D:9      | Reached XP level 11. HP: 55/85 MP: 11/11
 11555 | D:10     | Entered Level 10 of the Dungeon
 12186 | D:10     | Noticed a tengu warrior
 12201 | D:10     | Killed a tengu warrior
 12201 | D:10     | Reached ***** piety under Okawaru
 12202 | D:10     | Reached skill level 1 in Invocations
 12476 | D:10     | Noticed Josephine
 12493 | D:10     | Killed Josephine
 12494 | D:10     | Reached skill level 1 in Polearms
 12497 | D:10     | Reached skill level 10 in Maces & Flails
 12504 | D:10     | Received a gift from Okawaru
 12691 | D:10     | Noticed a two-headed ogre
 12720 | D:10     | Killed a two-headed ogre
 13075 | D:11     | Found a gate leading to a gauntlet.
 13083 | Gauntlet | Entered a Gauntlet
 13083 | Gauntlet | Found a transporter.
 13083 | Gauntlet | Found a transporter.
 13162 | Gauntlet | Found a transporter.
 13165 | Gauntlet | Found a transporter.
 13165 | Gauntlet | Found a transporter.
 13165 | Gauntlet | Found a transporter.
 13175 | Gauntlet | Found a transporter.
 13179 | Gauntlet | Found a transporter.
 13188 | Gauntlet | Noticed an orange crystal statue
 13189 | Gauntlet | Found a transporter.
 13291 | Gauntlet | Found a transporter.
 13295 | Gauntlet | Found a transporter.
 13305 | Gauntlet | Found a transporter.
 13406 | Gauntlet | Slain by a meliai simulacrum

Illustrated notes

Levels and vault maps discovered:
D:1:      saegor_arrival_simple_e, layout_basic,
          chequers_ecumenical_altar_simple, serial_corexii_hall,
          corexii_hall_statues_i, chequers_hall_statues_wall_a
D:2:      wad_river_or_something, layout_basic, basic_altar
D:3:      layout_basic, chequers_garden, minmay_surrounded
D:4:      minmay_clustersquares, layout_loops_ring, chequers_hall_statues_y
D:5:      minmay_evil_eye, layout_basic, uniq_ijyb
D:6:      layout_cave_pools, minmay_temple_entry_arrows, uniq_grinder
D:7:      layout_basic, minmay_shop_grid_forest
D:8:      layout_basic, minmay_lair_entry_grove, biasface_ghost_orc_armoury,
          serial_shops, shop, nicolae_ossuary_entry_ruins, uniq_harold
D:9:      layout_long_grid, dk_yredelemnul_ordeal,
          minmay_mirror_moons_of_madness
D:10:     layout_long_grid, uniq_josephine
D:11:     layout_loops_ring, zombieorc2_lemuel, gauntlet_entry_generic,
          okawaru_metal_pillars_3
Temple:   mainiacjoe_temple_hex_bubbles
Gauntlet: gammafunk_gauntlet_hard_choice [gammafunk_gauntlet_arena_teeth,
          gammafunk_gauntlet_arena_chambers, nicolae_gauntlet_arena_t_cross,
          gammafunk_gauntlet_arena_corners, gammafunk_gauntlet_arena_grid,
          nicolae_gauntlet_arena_x, nicolae_gauntlet_exit_dead_adventurers]

Skill      XL: |  1  2  3  4  5  6  7  8  9 10 11 |
---------------+----------------------------------+-----
Maces & Flails | 2 3 4 5 7 8 9 10 | 10.4
Shields        | 3 4 5 6 7 |  7.6
Armour         | 3 4 5 6 7 |  7.7
Fighting       | 4 5 6 7 8 |  8.3
Dodging        | 2 3 4 |  4.6
Stealth        | 2 4 |  4.3
Invocations    | 3 |  3.1
Polearms       | 2 |  2.2

Action                   |  1- 3 |  4- 6 |  7- 9 | 10-12 || total
-------------------------+-------+-------+-------+-------++-------
Melee: Flail             |   101 |   184 |   289 |   284 ||   858
       Headbutt          |     8 |    36 |    49 |    48 ||   141
  Use: Scroll            |       |     3 |     3 |    10 ||    16
       Potion            |       |     2 |     2 |     1 ||     5
Armor: Scale mail        |    33 |       |       |       ||    33
       Chain mail        |     1 |   120 |   194 |   162 ||   477
Dodge: Dodged            |    40 |    76 |   138 |   121 ||   375
Block: Buckler           |    18 |    37 |    93 |    89 ||   237
